 Dungeon Crawl Stone Soup version 0.24-a0-22-g2a401c0 (webtiles) character file.

27581 Borgoz the Slicer (level 13, 0/84 HPs)
             Began as a Kobold Abyssal Knight on Jan 22, 2019.
             Was a High Priest of Lugonu.
             Shot with a bolt by a naga sharpshooter (28 damage)
             ... on level 1 of the Snake Pit on Feb 1, 2019.
             The game lasted 01:03:36 (29304 turns).

Borgoz the Slicer (Kobold Abyssal Knight)          Turns: 29304, Time: 01:03:37

Health: 0/84       AC:  9    Str: 10    XL:     13   Next: 66%
Magic:  21/21      EV: 27    Int: 13    God:    Lugonu [*****.]
Gold:   801        SH:  0    Dex: 19    Spells: 15/15 levels left

rFire    . . .     SeeInvis .   a - +1 dagger (venom)
rCold    . . .     Gourm    .   (shield restricted)
rNeg     . . .     Faith    .   s - +3 leather armour
rPois    +         Spirit   .   (no helmet)
rElec    .         Reflect  .   y - +2 cloak {rPois}
rCorr    .         Harm     .   (no gloves)
MR       +....                  (no boots)
Stlth    +++++.....             (no amulet)
HPRegen  0.24/turn              L - ring of protection from magic
MPRegen  0.17/turn              p - +3 ring of evasion

@: no status effects
A: small, carnivore
a: Depart the Abyss, Bend Space, Banish, Corrupt, Enter the Abyss, Renounce
Religion


You were on level 1 of the Snake Pit.
You worshipped Lugonu.
Lugonu was extremely pleased with you.
You were very full.

You visited 5 branches of the dungeon, and saw 18 of its levels.
You visited the Abyss 1 time.

You collected 1061 gold pieces.
You spent 260 gold pieces at shops.

Inventory:

Hand Weapons
 a - a +1 dagger of venom (weapon)
 b - a +2 short sword of freezing
Missiles
 D - 4 throwing nets (quivered)
Armour
 s - a +3 leather armour (worn)
 t - the +1 leather armour "Laiqiol" {rCorr Str+2 Int+3 Slay-3}
   (You found it on level 7 of the Dungeon)

   It affects your strength (+2).
   It affects your intelligence (+3).
   It affects your accuracy and damage with ranged weapons and melee attacks
   (-3).
   It provides partial protection from all sources of acid and corrosion.
 w - a scarf of cloud immunity
 y - a +2 cloak of poison resistance (worn)
 H - the +5 ring mail "Verum" {rF- rC++ Dex+9}
   (You found it on level 11 of the Dungeon)

   It affects your dexterity (+9).
   It makes you vulnerable to fire.
   It greatly protects you from cold.
Jewellery
 h - a +4 ring of strength
 i - an uncursed ring of protection from fire
 l - an uncursed ring of ice
 p - a +3 ring of evasion (right hand)
 r - an uncursed ring of fire
 L - a ring of protection from magic (left hand)
Wands
 k - a wand of flame (15)
 C - a wand of digging (2)
 E - a wand of disintegration (7)
 F - a wand of paralysis (12)
Scrolls
 j - 9 scrolls of remove curse
 m - a scroll of amnesia
 q - a scroll of holy word {unknown}
 u - a scroll of fog
 x - 4 scrolls of enchant armour
 z - a scroll of magic mapping {unknown}
 B - 2 scrolls of blinking
 G - a scroll of teleportation
 J - a scroll of silence
 O - a scroll of random uselessness {unknown}
Potions
 d - 8 potions of curing
 e - 2 potions of resistance
 f - a potion of berserk rage
 g - 4 potions of brilliance
 n - a potion of agility
 o - 6 potions of flight
 v - 2 potions of invisibility
 A - 3 potions of magic
 I - 2 potions of mutation
 M - a potion of heal wounds
 N - a potion of haste
Comestibles
 c - 21 rations


   Skills:
 - Level 11.0 Fighting
 + Level 13.6 Short Blades
 + Level 2.1 Armour
 + Level 11.7 Dodging
 + Level 13.3 Stealth
 - Level 1.5 Spellcasting
 + Level 10.9 Invocations


You had 15 spell levels left.
You didn't know any spells.
Your spell library contained the following spells:

 Spells                   Type           Power        Failure   Level  Hunger
 Animate Skeleton         Necr           N/A          34%         1    ##.....
 Apportation              Tloc           #.....       34%         1    ##.....
 Confusing Touch          Hex            #.....       34%         1    ##.....
 Summon Small Mammal      Summ           #...         34%         1    ##.....
 Call Imp                 Summ           #.......     47%         2    ###....
 Call Canine Familiar     Summ           #.......     71%         3    ####...
 Summon Guardian Golem    Hex/Summ       #.......     71%         3    ####...
 Summon Ice Beast         Ice/Summ       #.......     98%         4    #####..
 Summon Lightning Spire   Summ/Air       #.......     98%         4    #####..


Dungeon Overview and Level Annotations

Branches:
Dungeon (13/15)            Temple (1/1) D:7            Lair (2/6) D:10
  Snake (1/4) Lair:2          Orc (1/2) D:11
  Swamp: Lair:2-4    Shoals: Lair:2-4    Vaults: D:13-14

Altars:
Ashenzari
Cheibriados
Dithmenos
Elyvilon
Fedhas
Gozag
Hepliaklqana
Kikubaaqudgha
Makhleb
Nemelex Xobeh
Okawaru
Qazlal
Ru
Sif Muna
Trog
Uskayaw
Vehumet
Wu Jian
Xom
Yredelemnul
Zin
The Shining One
Beogh
Jiyva

Shops:
D:12 !([!   Orc:1 *

Annotations:
D:12 2 transporters, Inarius's ghost, novice FeBe
D:13 Josephine


Innate Abilities, Weirdness & Mutations

You are small and have problems with some larger weapons.
You are carnivorous and can eat meat at any time.


Message History

The naga sharpshooter is almost dead.
You closely miss the naga sharpshooter.
The naga sharpshooter is almost dead.
The naga sharpshooter shoots a bolt.
The bolt completely misses you.
You hit the naga sharpshooter but do no damage.
The naga sharpshooter is poisoned.
The naga sharpshooter is almost dead.
You hit the naga sharpshooter.
The naga sharpshooter is almost dead.
You hit the naga sharpshooter but do no damage.
The naga sharpshooter is almost dead.
The naga sharpshooter shoots a bolt.
The bolt misses you.
You barely miss the naga sharpshooter.
The naga sharpshooter is almost dead.
You completely miss the naga sharpshooter.
The naga sharpshooter is almost dead.
The naga sharpshooter casts a spell.
The naga sharpshooter magically shoots a bolt.
The bolt hits you!!
You die...

##.........##[.... ##
#.######..>.....###.## #.#..#
##........#..# #.#.<##
#...........# .#....#
##..........# ###....##
#...........#
#......###..........##
#......##N#.........#
#.......@####.....#.#
##.....(.# ##.....###### ##
##.#####.# ####..........
##.###.## #.###........#####
#.....#.## ##.##..###.....##
##....#..## ##......#.......##
#......#..###.#.......#......#
#.......#.#..##......##......#
#......###.###......###......#


You could see a naga sharpshooter.

Vanquished Creatures
  Fannar (Lair:2)
  Harold (Lair:2)
  A hydra (Lair:1)
  2 two-headed ogres (D:8)
  An ogre mage (D:10)
  A queen ant (D:10)
  Nergalle (Lair:2)
  A deep elf mage (D:13)
  An orc sorcerer (Orc:1)
  A cyclops (D:13)
  An elephant (D:10)
  A centaur skeleton (D:12)
  Psyche (D:9)
  2 spiny frogs (Lair:1)
  2 komodo dragons (D:10)
  A tengu conjurer (D:10)
  5 trolls
  Prince Ribbit (D:9)
  8 hippogriffs
  2 slime creatures
  A wraith (D:12)
  A shadow (D:11)
  3 basilisks
  30 yaks
  A hungry ghost (D:10)
  6 soldier ants
  An acid dragon (D:11)
  3 nagas (Lair:2)
  A two-headed ogre zombie (D:11)
  A water moccasin (D:12)
  2 porcupines (Lair:1)
  4 sky beasts
  A hornet zombie (D:6)
  2 necrophages
  11 orc warriors
  4 black bears
  An eye of draining (D:8)
  5 phantoms
  12 wolves
  8 ogres
  2 crocodiles (D:10)
  A big kobold (D:8)
  4 bullfrogs
  3 gnoll sergeants
  A wyvern zombie (D:13)
  A wyvern skeleton (D:11)
  7 scorpions
  5 killer bees
  9 wights
  4 howler monkeys
  7 crimson imps
  2 bullfrog zombies
  10 orc priests
  4 bullfrog skeletons
  15 jellies
  Crazy Yiuf (D:7)
  7 hounds
  13 orc wizards
  Terence (D:2)
  Ijyb (D:3)
  19 worker ants
  7 ogre zombies (D:11)
  A hound skeleton (D:8)
  A worker ant zombie (D:7)
  13 adders
  12 gnolls
  A howler monkey skeleton (D:4)
  4 shadow imps
  6 oozes
  2 adder zombies
  An adder skeleton (D:4)
  2 worms (D:5)
  2 dart slugs
  7 leopard geckos
  56 orcs
  3 ball pythons
  7 bats
  5 giant cockroaches
  4 hobgoblins
  4 iguanas
  13 jackals
  9 kobolds
  6 quokkas
  5 frilled lizards
  7 goblins
  2 goblin skeletons (D:11)
  4 goblin zombies (D:11)
  A hobgoblin skeleton (D:11)
  5 hobgoblin zombies (D:11)
  A jackal zombie (D:8)
  A leopard gecko skeleton (D:7)
  2 orc skeletons (D:11)
  11 orc zombies (D:11)
  A quokka skeleton (D:6)
  A quokka zombie (D:7)
  14 rats
471 creatures vanquished.

Vanquished Creatures (collateral kills)
  3 worker ants (D:10)
3 creatures vanquished.

Vanquished Creatures (others)
  A komodo dragon (Lair:1)
  A slime creature (D:12)
  A hippogriff (Lair:1)
  An orc (D:11)
  A plant (Lair:1)
5 creatures vanquished.

Grand Total: 479 creatures vanquished

Notes
Turn   | Place    | Note
-------+----------+-------------------------------------------
     0 | Abyss:1  | Borgoz the Kobold Abyssal Knight began the quest for the
                  | Orb.
     0 | Abyss:1  | Reached XP level 1. HP: 14/14 MP: 2/2
    21 | Abyss:1  | Found a corrupted altar of Lugonu.
    65 | Abyss:1  | Noticed a freezing wraith
    67 | D:1      | Escaped the Abyss
   188 | D:1      | Reached XP level 2. HP: 14/19 MP: 3/3
   433 | D:1      | Reached * piety under Lugonu
   715 | D:1      | Reached XP level 3. HP: 23/23 MP: 4/4
   986 | D:2      | Reached skill level 1 in Stealth
  1413 | D:2      | Noticed Terence
  1737 | D:2      | Reached XP level 4. HP: 24/28 MP: 5/5
  2491 | D:3      | Noticed Ijyb
  2801 | D:3      | Reached XP level 5. HP: 23/33 MP: 7/7
  2896 | D:3      | Killed Ijyb
  2962 | D:3      | Reached ** piety under Lugonu
  3415 | D:4      | Found a shimmering altar of Xom.
  3424 | D:4      | Reached skill level 5 in Short Blades
  3424 | D:4      | Reached XP level 6. HP: 23/38 MP: 8/8
  4011 | D:4      | Reached XP level 7. HP: 44/44 MP: 9/9
  4580 | D:2      | Killed Terence
  5238 | D:4      | Reached *** piety under Lugonu
  5611 | D:4      | Reached XP level 8. HP: 48/48 MP: 9/11
  5818 | D:5      | Entered Level 5 of the Dungeon
  5975 | D:5      | Reached skill level 5 in Fighting
  6716 | D:5      | Reached skill level 5 in Dodging
  6716 | D:5      | Reached skill level 5 in Stealth
  7032 | D:5      | Found a hazy altar of Hepliaklqana.
  7032 | D:5      | Found a basalt altar of Yredelemnul.
  7039 | D:5      | Found a bloodstained altar of Trog.
  7039 | D:5      | Found an iron altar of Okawaru.
  7040 | D:5      | Found an ancient bone altar of Kikubaaqudgha.
  7041 | D:5      | Found a deep blue altar of Sif Muna.
  7042 | D:5      | Found a snail-covered altar of Cheibriados.
  7044 | D:5      | Found a blossoming altar of Fedhas.
  7112 | D:5      | Found a blossoming altar of Fedhas.
  7800 | D:6      | Found a radiant altar of Vehumet.
  7938 | D:6      | Reached XP level 9. HP: 55/55 MP: 12/12
  8030 | D:6      | Reached skill level 5 in Invocations
  8307 | D:6      | Found a glowing silver altar of Zin.
  8809 | D:7      | Noticed a hippogriff
  8821 | D:7      | Reached **** piety under Lugonu
  8849 | D:7      | Killed a hippogriff
  9081 | D:7      | Found a staircase to the Ecumenical Temple.
  9087 | Temple   | Entered the Ecumenical Temple
  9388 | D:7      | Found a runed door.
  9433 | D:7      | Got an amber-encrusted leather armour
  9452 | D:7      | Identified the +1 leather armour "Laiqiol" {rCorr Str+2
                  | Int+3 Slay-3} (You found it on level 7 of the Dungeon)
 10474 | D:7      | Reached XP level 10. HP: 60/61 MP: 14/14
 10702 | D:7      | Noticed Crazy Yiuf
 10725 | D:7      | Killed Crazy Yiuf
 10866 | D:8      | Noticed a two-headed ogre
 10868 | D:8      | Killed a two-headed ogre
 10868 | D:8      | Reached skill level 10 in Short Blades
 11303 | D:8      | Noticed a two-headed ogre
 11337 | D:8      | Killed a two-headed ogre
 11846 | D:9      | Found a stormy altar of Qazlal.
 11884 | D:9      | Noticed Prince Ribbit
 11887 | D:9      | Killed Prince Ribbit
 13041 | D:9      | Found a viscous altar of Jiyva.
 13123 | D:9      | Reached XP level 11. HP: 43/68 MP: 16/16
 13430 | D:9      | Found a shimmering altar of Xom.
 13502 | D:9      | Noticed Psyche
 13506 | D:9      | Killed Psyche
 13625 | D:10     | Entered Level 10 of the Dungeon
 14021 | D:10     | Reached skill level 10 in Stealth
 14313 | D:10     | Noticed a queen ant
 14324 | D:10     | Killed a queen ant
 15134 | D:10     | Found a staircase to the Lair.
 15135 | D:10     | Noticed an elephant
 15849 | D:10     | Noticed an ogre mage
 16234 | D:11     | Found a roughly hewn altar of Beogh.
 16503 | D:10     | Killed an ogre mage
 16667 | D:10     | Reached XP level 12. HP: 74/76 MP: 18/18
 16959 | Lair:1   | Entered Level 1 of the Lair of Beasts
 17430 | D:10     | Reached ***** piety under Lugonu
 17832 | D:10     | Reached skill level 10 in Dodging
 19839 | D:11     | Got a faintly glowing ring mail
 20122 | D:11     | Reached skill level 10 in Fighting
 21700 | D:11     | Found a staircase to the Orcish Mines.
 22752 | D:12     | Found Upumul's Weapon Emporium.
 22805 | D:12     | Found a transporter.
 22807 | D:12     | Noticed Inarius's ghost (novice FeBe)
 22808 | D:12     | Found a transporter.
 22857 | D:12     | Upgraded the game from 0.23-a0-819-g6debee6 to
                  | 0.23-a0-844-gdc03e01
 22930 | D:12     | Found Esaocex's Antique Armour Shoppe.
 22940 | D:12     | Got a spiked chain mail
 23029 | D:12     | Reached skill level 10 in Invocations
 23268 | Orc:1    | Entered Level 1 of the Orcish Mines
 23302 | Orc:1    | Found Nud Dovo's General Store.
 23423 | Orc:1    | Upgraded the game from 0.23-a0-844-gdc03e01 to
                  | 0.24-a0-22-g2a401c0
 23824 | D:11     | Reached XP level 13. HP: 64/83 MP: 20/20
 23946 | D:12     | Found Fogau's Distillery.
 23967 | D:12     | Bought a potion of ambrosia for 80 gold pieces
 24065 | D:12     | Noticed a frost giant
 24065 | D:12     | Noticed a centaur warrior
 24306 | D:12     | Found Pirchireh's Distillery.
 24312 | D:12     | Bought a potion of heal wounds for 60 gold pieces
 24312 | D:12     | Bought a potion of haste for 120 gold pieces
 24873 | D:12     | Reached ****** piety under Lugonu
 26031 | D:13     | Noticed Josephine
 26505 | Lair:1   | Noticed a six-headed hydra
 26516 | Lair:1   | Killed a six-headed hydra
 26535 | Lair:1   | Identified the +5 ring mail "Verum" {rF- rC++ Dex+9} (You
                  | found it on level 11 of the Dungeon)
 26545 | Lair:1   | Identified the +4 chain mail "Voareeked" {rC- Int+7} (You
                  | found it on level 12 of the Dungeon)
 27112 | Lair:1   | Reached skill level 1 in Armour
 27366 | Lair:1   | Reached skill level 1 in Spellcasting
 27953 | Lair:2   | Noticed Nergalle
 27985 | Lair:2   | Killed Nergalle
 28000 | Lair:2   | Noticed Fannar
 28572 | Lair:2   | Killed Fannar
 28623 | Lair:2   | Noticed Harold
 28630 | Lair:2   | Killed Harold
 28680 | Lair:2   | Found a staircase to the Snake Pit.
 29065 | Snake:1  | Entered Level 1 of the Snake Pit
 29078 | Snake:1  | Noticed an anaconda
 29087 | Snake:1  | Noticed a naga warrior
 29304 | Snake:1  | Shot with a bolt by a naga sharpshooter

Vault maps used:
D:1:      tarquinn_simple_flora_water_b
D:2:      cheibrodos_old_hovel, minmay_door_square, st_stairs_5, uniq_terence
D:3:      uniq_ijyb
D:4:      first_ration, dk_xom_monty_hall
D:5:      minitemple, serial_bayou_lagoon_a, fedhas_altar_4
D:6:      zin_scriptorium, basic_altar
D:7:      cheibrodos_barr_body, minmay_temple_entry_fiery,
          uniq_crazy_yiuf_cottage
D:9:      lemuel_doored_altar, kennysheep_mini, hangedman_little_slice_of_home,
          lemuel_old_faithful, uniq_prince_ribbit1, uniq_psyche
D:10:     minmay_blocky_corners, david_lair_generic, minmay_another_anthill
D:11:     zombieorc2_lemuel, special_room
D:12:     gammafunk_ghost_arena, serial_shops, shop, nicolae_shop_statue_plus,
          nicolae_shop_trees, nicolae_shop_waterfront, nicolae_benzene_ring
D:13:     grunt_decor_resistance, uniq_josephine
Temple:   minmay_temple_curvy_loop
Lair:1:   st_stairs_3, grunt_forest_small_clearings, beast_lair_carwin_1
Lair:2:   guppyfry_snake_entry_island, hangedman_lair_unloving_vines,
          uniq_nergalle, uniq_harold, uniq_fannar
Snake:1:  special_room, basic_altar, guppyfry_snake_island, grunt_megastairs_1
Orc:1:    serial_shops, nicolae_shop_crystal, elves_outpost_lemuel

Skill      XL: |  1  2  3  4  5  6  7  8  9 10 11 12 13 |
---------------+----------------------------------------+-----
Short Blades   | 3 4 5 6 8 9 10 11 12 13 | 13.6
Stealth        | 1 2 3 4 5 7 9 11 12 13 | 13.3
Dodging        | 3 4 5 6 8 9 10 11 | 11.7
Invocations    | 3 4 6 7 8 10 | 10.9
Fighting       | 4 5 6 8 9 10 11 | 11.0
Armour         | 2 |  2.1
Spellcasting   | 1 |  1.5

Action                   |  1- 3 |  4- 6 |  7- 9 | 10-12 | 13-15 || total
-------------------------+-------+-------+-------+-------+-------++-------
Melee: Short sword       |   104 |   212 |   426 |       |    13 ||   755
       Dagger            |       |       |   374 |  2213 |   832 ||  3419
Throw: Throwing net      |       |       |       |       |     1 ||     1
Invok: Depart the Abyss  |     1 |       |       |       |       ||     1
       Banish            |       |       |       |       |     3 ||     3
Evoke: Wand              |       |       |     4 |     1 |       ||     5
  Use: Scroll            |     4 |     6 |    11 |     8 |     2 ||    31
       Potion            |       |       |     7 |     5 |     2 ||    14
 Stab: Sleeping          |     2 |     9 |    17 |    23 |     7 ||    58
       Distracted        |       |     1 |     1 |     5 |     4 ||    11
       Confused          |       |       |     3 |       |       ||     3
       Held in net/web   |       |       |       |       |     1 ||     1
  Eat: Chunk             |     8 |    10 |    21 |    49 |    19 ||   107
Armor: Leather armour    |    16 |    23 |    85 |   173 |    30 ||   327
       Skin              |       |       |    11 |       |       ||    11
       Ring mail         |       |       |       |       |    11 ||    11
Dodge: Dodged            |    71 |   135 |   451 |  1524 |   503 ||  2684

Table legend:
 A = Non-vault XP
 B = Vault XP
 C = Vault XP percentage of total XP
 D = Non-vault monster count
 E = Vault monster count
 F = Vault count percentage of total count
                 A         B        C        D         E       F
            +---------+---------+-------+---------+---------+-------
      Total |   27320 |   12082 |  30.7 |     349 |     128 |  26.8
            +---------+---------+-------+---------+---------+-------
        D:1 |      31 |       0 |   0.0 |      18 |       0 |   0.0
        D:2 |      69 |      43 |  38.4 |      18 |       4 |  18.2
        D:3 |     128 |      36 |  22.0 |      31 |       1 |   3.1
        D:4 |     628 |      87 |  12.2 |      29 |       3 |   9.4
        D:5 |     696 |       0 |   0.0 |      27 |       0 |   0.0
        D:6 |     507 |       0 |   0.0 |      13 |       0 |   0.0
        D:7 |    1180 |     498 |  29.7 |      29 |      10 |  25.6
        D:8 |    3253 |       0 |   0.0 |      26 |       0 |   0.0
        D:9 |     664 |    1020 |  60.6 |       6 |      11 |  64.7
       D:10 |    5170 |    5618 |  52.1 |      50 |      41 |  45.1
       D:11 |    3619 |     967 |  21.1 |      35 |      47 |  57.3
       D:12 |    3060 |     214 |   6.5 |      25 |       1 |   3.8
       D:13 |    1604 |       0 |   0.0 |       9 |       0 |   0.0
     Lair:1 |    5758 |     390 |   6.3 |      26 |       4 |  13.3
     Lair:2 |     199 |    3209 |  94.2 |       1 |       6 |  85.7
      Orc:1 |     754 |       0 |   0.0 |       6 |       0 |   0.0
            +---------+---------+-------+---------+---------+-------
